 Dungeon Crawl Stone Soup version 0.19.0-9-gfd783f2 (webtiles) character file.

62 MovingMist the Skirmisher (level 3, -1/30 HPs)
             Began as a Demonspawn Monk on Nov 7, 2016.
             Slain by a gnoll (2 damage)
             ... on level 2 of the Dungeon.
             The game lasted 00:05:34 (1246 turns).

MovingMist the Skirmisher (Demonspawn Monk)         Turns: 1246, Time: 00:05:35

Health: -1/30      AC:  4    Str: 12    XL:     3   Next: 85%
Magic:  0/3        EV: 13    Int: 11    God:
Gold:   148        SH:  0    Dex: 15    Spells: 0 memorised, 2 levels left

rFire  . . .     SeeInvis .       - Unarmed
rCold  . . .     Gourm    .     f - +0 leather armour
rNeg   . . .     Faith    .     (no shield)
rPois  .         Spirit   +     (no helmet)
rElec  .         Reflect  .     (no cloak)
rCorr  .         Harm     .     (no gloves)
MR     .....                    g - +0 pair of boots
Stlth  ++........               (no amulet)
                                (no ring)
                                (no ring)

@: no status effects
A: magic shield
a: no special abilities


You were on level 2 of the Dungeon.
You were not hungry.

You visited 1 branch of the dungeon, and saw 2 of its levels.

You collected 148 gold pieces.

Inventory:

Armour
 f - a +0 leather armour (worn)
 g - a +0 pair of boots (worn)
Scrolls
 c - a scroll of remove curse {unknown}
 d - 3 scrolls of identify {unknown}
 e - a scroll of recharging {unknown}
 i - 2 scrolls of enchant weapon {unknown}
 j - a scroll of fear {unknown}
 k - a scroll of teleportation {unknown}
 m - a scroll of immolation {unknown}
Potions
 a - a potion of lignification {unknown}
Comestibles
 b - a bread ration
 h - a meat ration
 l - 4 chunks of flesh


   Skills:
 * Level 4.0 Fighting
 - Level 0.1 Armour
 + Level 3.1 Dodging
 - Level 1.7 Stealth
 + Level 3.1 Unarmed Combat


You had 2 spell levels left.
You didn't know any spells.

Dungeon Overview and Level Annotations

Branches:
Dungeon (2/15)

Altars:


Innate Abilities, Weirdness & Mutations

When hurt, damage is shared between your health and your magic reserves.


Message History

The gnoll shouts!
The gnoll closely misses you.
You barely miss the gnoll. The gnoll hits you with a flail.
You hit the gnoll.
The gnoll is lightly wounded.
You hit the gnoll.
The gnoll is heavily wounded.
The gnoll hits you with a flail!
You hit the gnoll.
You kill the gnoll!
Your Fighting skill increases to level 4!
You barely miss the gnoll. The gnoll barely misses you.
You closely miss the gnoll.
The gnoll hits you from afar with a halberd!
* * * LOW HITPOINT WARNING * * *
The gnoll hits you!
* * * LOW HITPOINT WARNING * * *
You closely miss the gnoll. The gnoll hits you.
You die...

#..#.##..######....###........[..
#....###.....##..#.###...##......
#.##.#######.........#...#####.##
.......# ###.............## ...
.......# #....#........#..##...
.......# ##......###.....#......
.......# #...##### ##...........
.......####...########...###.....
.......##...##..@ggg.........>...
...............############g##...
.........####### #.....##......
.......### #.....##......
.......# #..<.......... ...<..##
#.....##...... .......#
############## .......# .......#


You could see 3 gnolls.

Vanquished Creatures
  2 gnolls
  An ooze (D:2)
  2 dart slugs
  A giant cockroach (D:1)
  4 goblins
  2 hobgoblins (D:1)
  5 jackals
  A quokka (D:2)
  A ball python (D:1)
  5 bats
  4 frilled lizards
  4 kobolds
  5 rats
37 creatures vanquished.

Notes
Turn   | Place    | Note
-------+----------+-------------------------------------------
     0 | D:1      | MovingMist the Demonspawn Monk began the quest for the Orb.
     0 | D:1      | Reached XP level 1. HP: 18/18 MP: 1/1
   368 | D:1      | Noticed a spatial vortex
   441 | D:1      | Gained mutation: When hurt, damage is shared between your health and your magic reserves. [demonic ancestry]
   441 | D:1      | Reached XP level 2. HP: 13/24 MP: 2/2
   778 | D:1      | Reached XP level 3. HP: 11/29 MP: 3/3
  1242 | D:2      | Reached skill level 4 in Fighting
  1244 | D:2      | HP: 1/30 [gnoll (8)]
  1246 | D:2      | Slain by a gnoll

Skill      XL: |  1  2  3 |
---------------+----------+-----
Dodging        | 3 |  3.1
Unarmed Combat | 3 |  3.1
Fighting       | 4 |  4.0
Armour         | |  0.1
Stealth        | |  1.7

Action                   || total
-------------------------++-------
Melee: Unarmed           ||   107
       Dagger            ||    51
       Punch             ||     2
 Stab: Sleeping          ||     2
  Eat: Chunk             ||     1
Armor: Leather armour    ||    31
       Robe              ||     2
Dodge: Dodged            ||    82
